 Dungeon Crawl Stone Soup version 0.30.0-20-g3b4254fcbd (webtiles) character file.

Game seed: 12772263191870711163

94 Graphine the Sneak (level 4, -13/34 HPs)
             Began as a Human Brigand on June 2, 2023.
             Mangled by a goblin
             ... wielding a +2 dagger of electrocution
              (19 damage)
             ... on level 2 of the Dungeon.
             The game lasted 00:02:55 (1091 turns).

Graphine the Sneak (Human Brigand)                  Turns: 1091, Time: 00:02:56

Health: -13/34     AC:  3    Str: 12    XL:     4   Next: 94%
Magic:  4/4        EV: 12    Int: 11    God:
Gold:   62         SH:  0    Dex: 16    Spells: 3/3 levels left

rFire   . . .        a - +3 dagger
rCold   . . .        (no shield)
rNeg    . . .        b - +0 robe
rPois   .            (no helmet)
rElec   .            c - +0 cloak
rCorr   .            (no gloves)
SInv    .            (no boots)
Will    .....        (no amulet)
Stlth   +++          (no ring)
HPRegen 0.25/turn    (no ring)
MPRegen 0.09/turn

%: no passive effects
@: no status effects
A: no striking features
a: no special abilities


You were on level 2 of the Dungeon.
You visited 1 branch of the dungeon, and saw 2 of its levels.

You collected 62 gold pieces.

Inventory:

Hand Weapons
 a - a +3 dagger (weapon)
Missiles
 d - 14 poisoned darts (quivered)
 e - 2 curare-tipped darts
Armour
 b - a +0 robe (worn)
 c - a +0 cloak (worn)
 i - a +0 leather armour
Jewellery
 f - a ring of protection from fire
Scrolls
 j - a scroll of teleportation {unknown}
Potions
 g - 2 potions of degeneration {unknown}
 h - 2 potions of lignification {unknown}
 k - a potion of flight {unknown}
 l - a potion of cancellation {unknown}
 m - 3 potions of curing {unknown}
 n - a potion of heal wounds {unknown}


   Skills:
 + Level 2.6 Fighting
 + Level 2.7 Short Blades
 + Level 2.6 Throwing
 + Level 2.0 Dodging
 + Level 4.5 Stealth


You had 3 spell levels left.
You didn't know any spells.
Your spell library contained the following spells:

 Spells                   Type           Power      Damage    Failure   Level
 Sting                    Tmut/Pois      0%         1d3       34%         1
 Poisonous Vapours        Pois/Air       0%         N/A       47%         2
 Olgreb's Toxic Radiance  Pois           0%         N/A       98%         4


Dungeon Overview and Level Annotations

Branches:
Dungeon (2/15)

Altars:


Message History

An endoplasm comes into view.
Found a dagger.
The goblin shouts!
The endoplasm quivers.
Throw: 3 darts (curare)
Press: ? - help, Shift-Dir - straight line, f - Jessica
Aim: Jessica, wielding a +0 dagger and wearing a +0 robe (wandering, hasn't noticed you, 62% to hit)
You throw a curare-tipped dart. The curare-tipped dart hits Jessica.
Jessica is poisoned.
Jessica convulses.
Jessica seems to slow down.
Jessica shouts!
Jessica is severely wounded.
You hear a shout!
A hobgoblin comes into view.
Jessica points at you and mumbles some strange words.
Pain shoots through your body! The goblin barely misses you.
You hit Jessica.
You kill Jessica!
The endoplasm freezes you.
You are frozen.
The goblin hits you with a +2 dagger of electrocution.
Your Dodging skill increases to level 2!
Throw: 15 darts (poison)
Press: ? - help, Q - select action, (/) - cycle Shift-Dir - straight line, f - hobgoblin
Aim: a hobgoblin (62% to hit)
You throw a poisoned dart. The poisoned dart hits the endoplasm.
The endoplasm freezes you.
You are frozen.
The goblin hits you with a +2 dagger of electrocution.
You are electrocuted!
* * * LOW HITPOINT WARNING * * *
Okay, then.
Okay, then.
Okay, then.
The goblin hits you with a +2 dagger of electrocution.
* * * LOW HITPOINT WARNING * * *
You are electrocuted!!
Ouch! That really hurt!
You die...

############
...........#
...........#
.....(.....#
......)....#
...)..(.g..#######
......gJ@.......>#
..)........###.#.#
...........###.#.#
###########....#.#
#.####.# #.# #.#
### #.# #.# ## #..
..# #.# #< #.# ###
#.# ##


You could see an endoplasm, a hobgoblin and a goblin.

Vanquished Creatures
  Jessica (D:2)
  3 gnolls (D:2)
  An adder (D:2)
  5 bats
  4 endoplasms
  A giant cockroach (D:1)
  2 goblins
  4 hobgoblins (D:1)
  2 quokkas
  2 ball pythons (D:1)
  A frilled lizard (D:1)
  2 kobolds (D:1)
  4 rats (D:1)
32 creatures vanquished.

Notes
Turn   | Place    | Note
-------+----------+-------------------------------------------
     0 | D:1      | Graphine the Human Brigand began the quest for the Orb.
     0 | D:1      | Reached XP level 1. HP: 16/16 MP: 1/1
   248 | D:1      | Reached XP level 2. HP: 22/22 MP: 2/2
   430 | D:1      | Reached XP level 3. HP: 15/27 MP: 3/3
   874 | D:2      | Reached XP level 4. HP: 18/34 MP: 4/4
  1082 | D:2      | Noticed Jessica
  1089 | D:2      | Killed Jessica
  1091 | D:2      | Mangled by a goblin

Illustrated notes

Levels and vault maps discovered:
D:1:      dpeg_arrival_short_road, layout_loops_cross, minmay_surrounded
D:2:      layout_basic, uniq_jessica

Skill      XL: |  1  2  3  4 |
---------------+-------------+-----
Dodging        | 2 |  2.0
Fighting       | |  2.6
Short Blades   | |  2.7
Throwing       | |  2.6
Stealth        | |  4.5

Action                     |  1- 3 |  4- 6 || total
---------------------------+-------+-------++-------
  Melee: Dagger            |    55 |     9 ||    64
         Punch             |     1 |       ||     1
  Throw: Dart              |    23 |     2 ||    25
    Use: Scroll            |     3 |       ||     3
   Stab: Sleeping          |     6 |     3 ||     9
 Armour: Robe              |    12 |     1 ||    13
  Dodge: Dodged            |    47 |     3 ||    50
